 Dungeon Crawl Stone Soup version 0.18.1-48-g4cf74bf (webtiles) character file.

157 GFox the Shield-Bearer (level 5, -1/42 HPs)
             Began as a Formicid Fighter on Sept 6, 2016.
             Was an Initiate of Qazlal.
             Killed from afar by Natasha (6 damage)
             ... with a magic dart
             ... on level 2 of the Dungeon on Sept 7, 2016.
             The game lasted 00:13:31 (2050 turns).

GFox the Shield-Bearer (Formicid Fighter)           Turns: 2050, Time: 00:13:31

Health: -1/42      AC:  7    Str: 21    XL:     5   Next: 66%
Magic:  5/5        EV:  9    Int:  8    God:    Qazlal [......]
Gold:   113        SH:  9    Dex: 10    Spells: 0 memorised, 4 levels left

rFire  . . .     SeeInvis +     a - +0 war axe
rCold  . . .     Gourm    .     b - +0 scale mail
rNeg   . . .     Faith    .     c - +0 shield
rPois  .         Spirit   .     (helmet unavailable)
rElec  .         Dismiss  .     (no cloak)
rCorr  .         Reflect  .     (no gloves)
SustAt .         Harm     .     (no boots)
MR     .....                    (no amulet)
Stlth  ..........               (no ring)
                                (no ring)

@: not resistant to hostile enchantments, extremely unstealthy
A: permanent stasis, dig shafts and tunnels, four strong arms, antennae 3
a: Dig, Shaft Self, Renounce Religion


You were on level 2 of the Dungeon.
You worshipped Qazlal.
Qazlal was noncommittal.
You were not hungry.

You visited 1 branch of the dungeon, and saw 2 of its levels.

You collected 113 gold pieces.

Inventory:

Hand Weapons
 a - a +0 war axe (weapon)
Armour
 b - a +0 scale mail (worn)
 c - a +0 shield (worn)
Scrolls
 e - 3 scrolls of identify {unknown}
 i - 2 scrolls of teleportation {unknown}
 k - 4 scrolls of blinking {unknown}
 l - a scroll of fog {unknown}
 n - a scroll of immolation {unknown}
Potions
 d - 3 potions of might
 h - 2 potions of degeneration {unknown}
 o - a potion of brilliance {unknown}
Comestibles
 f - 2 bread rations
 j - a beef jerky
 m - a slice of pizza
 p - a meat ration


   Skills:
 + Level 3.9 Fighting
 + Level 2.6 Axes
 + Level 4.1 Armour
 + Level 1.6 Dodging
 + Level 1.0 Stealth
 + Level 4.8 Shields


You had 4 spell levels left.
You didn't know any spells.

Dungeon Overview and Level Annotations

Branches:
Dungeon (2/15)

Altars:
Qazlal

Annotations:
D:2 Natasha


Innate Abilities, Weirdness & Mutations

You are under a permanent stasis effect.
You can dig through walls and to a lower floor.
Your four strong arms can wield two-handed weapons with a shield.
You have a pair of large antennae on your head (SInv).


Message History

Your shield and scale mail prevent you from hitting the crimson imp.
The crimson imp is lightly wounded.
The white imp disappears in a puff of smoke!
Natasha claws you but does no damage.
The crimson imp hits you but does no damage.
Natasha claws you.
* * * LOW HITPOINT WARNING * * *
The crimson imp blinks!
You hit Natasha.
Natasha is almost dead.
Natasha claws you.
* * * LOW HITPOINT WARNING * * *
Natasha casts a spell.
The crimson imp blinks!
You closely miss Natasha.
Natasha is almost dead.
You barely miss the shadow imp. Natasha casts a spell at you.
The magic dart hits you!
You die...

.........................#.#..#.#
#####...###...####..#.#..#.#..#.#
#...................#.#..#.####.#
#.#####.###...#####...#..........
#.##..........# ##..#.##.####.#
#.##.......#### #.......# #.#
#.##.......# #....#######.#
#.#........#########............#
..#.###....§..§h@5r.....#.#######
.##.# #.############..#.#.# #####
..#.# #.# #.......#.#.# #....
..#.# #.# #.....#.#.#.###.###
..#.# #.#######.....#...#......#
..#.###.............##..#####..#
..................####..##.....#
..#.######........#####.##.##.##
..#.#..................>...##.#


You could see Natasha, a shadow imp and a rat.

Vanquished Creatures
  Jessica (D:2)
  Natasha (twice) (D:2)
  3 adders (D:2)
  An ooze (D:1)
  2 worms
  A dart slug (D:2)
  A giant gecko (D:2)
  3 giant cockroaches
  7 goblins
  6 hobgoblins
  3 kobolds (D:1)
  5 bats (D:1)
  3 giant newts
  5 rats
43 creatures vanquished.

Notes
Turn   | Place    | Note
--------------------------------------------------------------
     0 | D:1      | GFox the Formicid Fighter began the quest for the Orb.
     0 | D:1      | Reached XP level 1. HP: 18/18 MP: 1/1
   185 | D:1      | Reached XP level 2. HP: 22/24 MP: 2/2
   335 | D:1      | Reached XP level 3. HP: 28/29 MP: 3/3
   510 | D:1      | Reached skill level 1 in Dodging
  1149 | D:2      | Found a stormy altar of Qazlal.
  1159 | D:2      | Reached XP level 4. HP: 28/35 MP: 4/4
  1164 | D:2      | Became a worshipper of Qazlal Stormbringer
  1444 | D:2      | Noticed Jessica
  1467 | D:2      | Killed Jessica
  1467 | D:2      | Reached skill level 1 in Stealth
  1747 | D:2      | Noticed Natasha
  1751 | D:2      | Killed Natasha
  1751 | D:2      | Reached XP level 5. HP: 40/42 MP: 5/5
  1894 | D:2      | Noticed Natasha
  1898 | D:2      | Killed Natasha
  2036 | D:2      | Noticed Natasha
  2050 | D:2      | Killed from afar by Natasha

Skill      XL: |  1  2  3  4 |
---------------+-------------+-----
Shields        | 4 |  4.8
Dodging        | 1 |  1.6
Stealth        | 1 |  1.0
Armour         | 4 |  4.1
Fighting       | |  3.9
Axes           | |  2.6

Action                   |  1- 3 |  4- 6 || total
-------------------------+-------+-------++-------
Melee: War axe           |   107 |    72 ||   179
  Eat: Chunk             |     1 |     3 ||     4
Armor: Scale mail        |    50 |    29 ||    79
Dodge: Dodged            |    33 |    22 ||    55
Block: Shield            |    53 |    34 ||    87
